Map: Oceanborn LE

Players

Dirty

  • Race: Zerg Zerg
  • League: Silver
  • Spawn Location: 11:00

SubN - Winner!

  • Race: Protoss Protoss
  • League: Diamond
  • Spawn Location: 5:00

VOD

Have the link to the VOD?

Description

Time

  • Played on: Dec. 31, 2023, 6:43 p.m.
  • Length: 9:45
Show
View Real Time Build Order
Export as new Build Order

Dirty Zerg 

Build Orders: Hatch First 

Get SALT Encoding   

  12  0:04  Drone  
  13  0:14  Overlord  
  13  0:21  Drone  
  14  0:34  Drone x2  
  16  0:52  Drone  
  16  0:53  Hatchery  
  16  0:56  Drone  
  17  1:05  Drone  
  17  1:09  Extractor  
  17  1:18  Spawning Pool  
  17  1:20  Drone  
  17  1:26  Drone  
  17  1:32  Drone  
  19  1:41  Drone  
  20  1:52  Drone  
  21  2:06  Queen  
  23  2:13  Queen  
  25  2:22  Zergling x4  
  27  2:23  Overlord  
  27  2:24  Drone  
  28  2:42  Drone x2  
  28  2:43  Drone x2  
  32  2:45  Queen  
  34  2:56  Queen  
  34  2:58  Overlord  
  36  3:04  Metabolic Boost  
  36  3:19  Drone x4  
  41  3:20  Drone x2  
  42  3:33  Overlord  
  42  3:35  Drone x2  
  44  3:42  Roach Warren  
  44  3:45  Evolution Chamber  
  42  3:49  Drone x2, Evolution Chamber  
  42  3:50  Drone  
  44  3:56  Drone x3  
  44  4:02  Drone x4  
  51  4:04  Overlord  
  51  4:08  Lair  
  51  4:13  Extractor  
  51  4:16  Extractor  
  49  4:18  Drone x3  
  49  4:23  Extractor  
  51  4:26  Drone x3  
  54  4:33  Queen  
  56  4:48  Drone x3  
  59  4:56  Zerg Missile Weapons Level 1  
  59  4:57  Zerg Ground Armor Level 1  
  59  5:02  Overlord x2  
  59  5:03  Overlord  
  59  5:05  Glial Reconstitution  
  50  5:31  Spore Crawler  
  47  5:37  Drone x2  
  47  5:38  Drone x7  
  47  5:39  Drone x5  
  57  5:51  Spore Crawler  
  57  5:55  Spore Crawler  
  55  6:12  Roach x4  
  55  6:13  Roach x3  
  55  6:16  Queen x2  
  73  6:18  Overlord  
  73  6:40  Roach x4  
  81  6:48  Hatchery  
  80  6:59  Roach x5  
  90  7:21  Spire  
  89  7:26  Hydralisk Den  
  89  7:28  Spore Crawler  
  87  7:34  Spore Crawler  
  86  7:57  Overlord x4  
  84  8:17  Hydralisk x3  
  84  8:18  Hydralisk x3  
  70  9:09  Overlord x3  
  64  9:21  Overlord  
  64  9:22  Overlord  
Show
View Real Time Build Order
Export as new Build Order

SubN Protoss - Winner!

Build Orders: Oracle Opening, Carriers 

Get SALT Encoding   

  12  0:00  Probe  
  13  0:12  Probe  
  14  0:19  Pylon  
  14  0:24  Probe  
  15  0:37  Probe  
  15  0:39  Gateway  
  16  0:44  Assimilator  
  16  0:49  Probe (Chrono Boost)  
  17  1:01  Probe (Chrono Boost)  
  18  1:08  Probe (Chrono Boost)  
  19  1:14  Gateway  
  19  1:15  Probe  
  20  1:23  Pylon  
  20  1:27  Probe  
  20  1:30  Cybernetics Core  
  21  1:36  Cybernetics Core  
  23  1:40  Zealot  
  23  1:43  Probe  
  24  1:50  Assimilator  
  24  1:55  Probe  
  25  2:08  Probe  
  26  2:11  Pylon x2  
  26  2:19  Warp Gate  
  26  2:33  Stargate  
  26  2:45  Nexus  
  26  2:52  Assimilator  
  26  2:55  Assimilator  
  26  3:03  Adept  
  28  3:07  Adept  
  30  3:15  Probe  
  31  3:22  Oracle  
  34  3:27  Probe  
  34  3:32  Stargate  
  35  3:42  Probe (Chrono Boost)  
  36  3:49  Pylon  
  36  3:54  Probe (Chrono Boost)  
  37  4:02  Probe (Chrono Boost)  
  38  4:05  Oracle  
  38  4:08  Probe  
  42  4:20  Probe (Chrono Boost)  
  42  4:21  Probe (Chrono Boost)  
  44  4:30  Probe (Chrono Boost)  
  44  4:31  Probe (Chrono Boost)  
  46  4:35  Probe x2 (Chrono Boost)  
  48  4:46  Probe  
  48  4:47  Probe  
  48  4:48  Fleet Beacon  
  50  4:59  Probe x2 (Chrono Boost)  
  52  5:10  Probe x2 (Chrono Boost)  
  54  5:15  Probe x2 (Chrono Boost)  
  62  5:50  Carrier  
  62  5:54  Carrier  
  68  5:57  Probe  
  68  5:58  Probe  
  70  6:11  Pylon  
  70  6:16  Pylon  
  70  6:24  Pylon  
  70  6:28  Pylon x2  
  70  6:29  Probe x2  
  70  6:31  Stalker x2  
  76  6:41  Probe x2  
  76  6:46  Nexus  
  78  6:48  Assimilator  
  78  6:53  Assimilator  
  84  6:54  Probe, Carrier  
  84  6:55  Pylon, Probe  
  84  6:58  Carrier  
  84  6:59  Pylon  
  84  7:01  Pylon  
  92  7:02  Pylon  
  92  7:06  Stalker x2  
  96  7:23  Probe x2  
  98  7:35  Probe  
  99  7:38  Probe  
  100  7:47  Probe  
  100  7:50  Probe  
  102  7:58  Carrier  
  108  7:59  Probe  
  108  8:02  Carrier  
  115  8:26  Zealot x2  
Tags
 
Add a new tag
Caveats
  • Supply blocks, unpowered buildings, or Contaminate may cause inaccurate times.
  • Supply counts are checked every 10 seconds.